 Dungeon Crawl Stone Soup version 0.18.1-47-g9310371 (webtiles) character file.

23 Gargoyl the Skirmisher (level 2, -1/25 HPs)
             Began as a Demonspawn Abyssal Knight on June 16, 2016.
             Was a Follower of Lugonu.
             Slain by a worm (7 damage)
             ... on level 2 of the Dungeon.
             The game lasted 00:02:02 (1122 turns).

Gargoyl the Skirmisher (Demonspawn Abyssal Knight)  Turns: 1122, Time: 00:02:03

Health: -1/25      AC:  6    Str: 12    XL:     2   Next: 72%
Magic:  3/3        EV: 11    Int: 13    God:    Lugonu [*.....]
Gold:   95         SH:  0    Dex: 12    Spells: 0 memorised, 1 level left

rFire  . . .     SeeInvis .     a - +1 hand axe
rCold  . . .     Gourm    .     b - +0 leather armour
rNeg   + . .     Faith    .     (no shield)
rPois  .         Spirit   .     g - +0 helmet
rElec  .         Dismiss  .     (no cloak)
rCorr  .         Reflect  .     (no gloves)
SustAt .         Harm     .     p - +1 pair of boots
MR     .....                    (no amulet)
Stlth  +.........               (no ring)
                                e - ring of positive energy

@: not resistant to hostile enchantments, very unstealthy
A: rot immunity
a: Depart the Abyss, Renounce Religion


You were on level 2 of the Dungeon.
You worshipped Lugonu.
Lugonu was aware of your devotion.
You were not hungry.

You visited 1 branch of the dungeon, and saw 2 of its levels.
You visited the Abyss 1 time.

You collected 95 gold pieces.

Inventory:

Hand Weapons
 a - a +1 hand axe (weapon)
Armour
 b - a +0 leather armour (worn)
 g - a +0 helmet (worn)
 p - a +1 pair of boots (worn)
Jewellery
 e - a ring of positive energy (left hand)
Scrolls
 f - a scroll of fog {unknown}
 h - a scroll of amnesia {unknown}
 l - a scroll of teleportation {unknown}
 n - 2 scrolls of identify {unknown}
Potions
 j - a potion of berserk rage {unknown}
 k - a potion of mutation {unknown}
 m - a potion of agility {unknown}
 o - a potion of curing {unknown}
Comestibles
 c - 4 bread rations
 d - 2 meat rations
 i - 2 beef jerkies
 q - a chunk of flesh


   Skills:
 + Level 3.7 Fighting
 + Level 2.0 Axes
 + Level 2.0 Armour
 + Level 1.0 Dodging
 + Level 2.4 Invocations


You had one spell level left.
You didn't know any spells.

Dungeon Overview and Level Annotations

Branches:
Dungeon (2/15)

Altars:


Innate Abilities, Weirdness & Mutations

You are immune to rotting.


Message History

The worm is heavily wounded.
The worm bites you.
You hit the worm but do no damage.
The worm is heavily wounded.
You hit the worm.
The worm is heavily wounded.
The worm barely misses you.
You barely miss the worm.
The worm is heavily wounded.
The worm bites you!
* * * LOW HITPOINT WARNING * * *
You hit the worm.
The worm is heavily wounded.
You barely miss the worm.
The worm is heavily wounded.
The worm barely misses you.
You hit the worm.
The worm is heavily wounded.
The worm bites you!
You die...

#. ##.## .. #)..###.#
# # ....##.#.# .#
....##.#.### #.#
#.#.##.. ..#... #.
#.#.##.# #.#.#.#
##.####.#.##.# #@w...#
.............###.#.###
.#.####.#.##.....# #
.#....#......#(##..#
.......>..####.# .##
..#.........>..# .#
#.##†).######### .#
...)..<....# .#
##########.# .#


You could see a worm.

Vanquished Creatures
  A worm (D:2)
  3 giant cockroaches
  3 hobgoblins
  A quokka (D:2)
  A bat (D:1)
  3 goblins (D:1)
  4 kobolds
  3 rats (D:1)
19 creatures vanquished.

Notes
Turn   | Place    | Note
--------------------------------------------------------------
     0 | Abyss:1  | Gargoyl the Demonspawn Abyssal Knight began the quest for the Orb.
     0 | Abyss:1  | Reached XP level 1. HP: 18/18 MP: 2/2
    98 | Abyss:1  | Noticed a large abomination
   131 | Abyss:1  | Noticed a raiju
   134 | Abyss:1  | Noticed a raiju
   181 | Abyss:1  | Noticed a wretched star
   181 | Abyss:1  | Noticed a ynoxinul
   184 | D:1      | Escaped the Abyss
   197 | D:1      | Noticed a crocodile
   197 | D:1      | Noticed a rime drake
   197 | D:1      | Noticed a polar bear
   198 | D:1      | Noticed a swamp worm
   198 | D:1      | Noticed a killer bee
   508 | D:1      | Reached * piety under Lugonu
   525 | D:1      | Gained mutation: You are immune to rotting. [demonic ancestry]
   525 | D:1      | Reached XP level 2. HP: 14/24 MP: 3/3
   995 | D:2      | Reached skill level 1 in Dodging
  1122 | D:2      | Slain by a worm

Skill      XL: |  1  2 |
---------------+-------+-----
Axes           | 2 |  2.0
Armour         | 2 |  2.0
Dodging        | 1 |  1.0
Fighting       | |  3.7
Invocations    | |  2.4

Action                   || total
-------------------------++-------
Melee: Hand axe          ||    62
Invok: Depart the Abyss  ||     1
  Eat: Chunk             ||     1
Armor: Leather armour    ||    26
Dodge: Dodged            ||    45
